Map: 2000 Atmospheres LE

Players

A.I. 1 (Very Easy)

  • Race: Zerg Zerg
  • Spawn Location: 3:00

RustyShacky - Winner!

  • Race: Terran Terran
  • League: Diamond
  • Spawn Location: 7:00

VOD

Have the link to the VOD?

Description

Time

  • Played on: May 23, 2022, 12:51 a.m.
  • Length: 10:27
Show
View Real Time Build Order
Export as new Build Order

A.I. 1 (Very Easy) Zerg 

Build Orders: Pool Only 

Get SALT Encoding   

  12  0:01  Drone  
  13  0:12  Overlord  
  13  0:16  Drone  
  14  0:35  Spawning Pool  
  14  0:37  Extractor  
  14  0:39  Drone  
  13  0:47  Drone  
  14  0:53  Overlord  
  14  1:22  Zergling x2  
  14  1:24  Queen  
  17  1:31  Roach Warren  
  16  1:35  Drone  
  17  1:40  Extractor, Zergling x2  
  17  1:43  Drone  
  18  1:57  Drone  
  18  1:58  Zergling x2  
  20  2:08  Drone  
  21  2:18  Drone  
  23  2:30  Drone, Overlord  
  24  2:37  Drone  
  25  2:44  Drone  
  25  5:41  Drone, Roach  
  25  5:42  Lair  
  28  5:43  Overlord  
  28  5:49  Drone  
  29  5:56  Drone  
  30  6:03  Drone  
  31  6:10  Drone  
  29  6:23  Roach  
  31  6:39  Overseer  
  31  6:40  Overseer  
  31  7:06  Roach  
  33  7:10  Drone  
  29  7:34  Zergling x2  
  27  8:03  Roach  
  29  8:18  Overlord  
  29  8:28  Overseer  
  29  8:31  Zergling x2  
  30  8:37  Overlord  
  23  9:09  Drone  
  22  9:15  Roach  
  22  9:28  Drone  
  22  9:35  Drone  
  22  9:43  Drone  
  19  9:50  Drone  
  19  9:57  Roach  
  19  9:58  Drone  
  21  10:05  Drone  
  21  10:07  Overlord  
  21  10:12  Drone  
Show
View Real Time Build Order
Export as new Build Order

RustyShacky Terran - Winner!

Build Orders: Hellion Opening, Mech 

Get SALT Encoding   

  12  0:00  SCV  
  13  0:12  SCV  
  14  0:16  Supply Depot  
  14  0:24  SCV  
  15  0:38  SCV  
  15  0:40  Barracks  
  16  0:43  Refinery  
  16  0:50  SCV  
  17  1:02  SCV  
  18  1:14  SCV  
  19  1:26  Marine  
  19  1:27  Orbital Command  
  20  1:43  Command Center  
  20  1:46  Marine  
  21  1:53  SCV  
  22  1:58  Supply Depot  
  22  2:08  Factory  
  22  2:09  SCV  
  23  2:16  Refinery  
  23  2:23  SCV  
  23  2:24  Barracks Reactor  
  24  2:35  SCV  
  25  2:47  SCV  
  26  2:56  Starport  
  26  2:57  Orbital Command  
  26  2:59  SCV  
  27  3:08  Hellion  
  27  3:09  Hellion  
  27  3:11  SCV  
  32  3:13  Supply Depot  
  32  3:22  SCV  
  32  3:23  SCV  
  34  3:31  Hellion x2  
  38  3:34  Viking  
  38  3:35  SCV x2  
  38  3:40  Fusion Core  
  42  3:47  SCV x2  
  44  3:49  Supply Depot  
  44  3:56  Hellion x2  
  44  3:59  SCV  
  44  4:00  SCV  
  50  4:05  Starport Tech Lab  
  50  4:12  SCV x2  
  50  4:17  Hellion, Supply Depot  
  52  4:18  Hellion  
  56  4:24  SCV x2  
  64  4:38  Battlecruiser  
  64  4:39  SCV, Supply Depot x2  
  64  4:40  SCV  
  66  4:50  Refinery  
  66  4:51  SCV  
  66  4:52  SCV, Refinery  
  70  5:01  Command Center  
  70  5:06  SCV, Supply Depot  
  69  5:08  SCV, Supply Depot  
  70  5:16  Hellion  
  70  5:17  Hellion  
  70  5:18  SCV  
  70  5:20  SCV  
  76  5:29  Factory  
  76  5:31  Factory  
  76  5:32  Supply Depot  
  76  5:37  Hellion, Supply Depot  
  76  5:39  Hellion  
  80  5:50  Battlecruiser  
  85  5:59  Hellion  
  85  6:00  Hellion  
  85  6:01  Supply Depot  
  89  6:05  Supply Depot  
  89  6:12  SCV x2  
  89  6:14  Factory Tech Lab  
  89  6:15  Factory Tech Lab  
  91  6:20  Hellion  
  91  6:22  Hellion  
  91  6:24  SCV x2  
  97  6:32  Orbital Command  
  97  6:36  SCV  
  97  6:37  SCV, Refinery, Supply Depot  
  97  6:38  Supply Depot  
  97  6:39  Refinery, Supply Depot  
  99  6:41  Siege Tank  
  99  6:43  Siege Tank  
  105  6:53  Hellion x2  
  109  6:59  Armory x2  
  109  7:01  SCV x3  
  112  7:08  Supply Depot  
  113  7:16  SCV x3  
  113  7:22  Siege Tank x2  
  119  7:23  Battlecruiser  
  119  7:29  SCV x2  
  127  7:30  SCV  
  127  7:32  Hellion x2  
  132  7:41  SCV  
  132  7:42  SCV x2  
  135  7:54  SCV x3, Thor x2  
  135  7:57  Terran Vehicle Weapons Level 1  
  150  7:59  Hellion x2  
  154  8:05  Infernal Pre-Igniter  
  154  8:11  Terran Vehicle And Ship Armor Level 1  
  154  8:15  Command Center  
  154  8:18  Supply Depot  
  154  8:22  Hellion x2, Supply Depot  
  154  8:23  Weapon Refit  
  158  8:30  Battlecruiser  
  162  8:39  Engineering Bay  
  162  8:41  Thor  
  168  8:51  Hellion x2  
  168  8:52  Refinery  
  168  8:53  Thor  
  178  8:56  Refinery  
  178  9:10  Factory  
  178  9:12  Factory  
  178  9:13  Hellion x2  
  182  9:24  Hellion  
  184  9:35  Hellion x2  
  196  9:39  Siege Tank  
  197  9:50  Command Center  
  197  9:56  Factory Tech Lab x2, Hellion  
  197  9:58  Command Center  
Tags
 
Add a new tag
Caveats
  • Supply blocks, unpowered buildings, or Contaminate may cause inaccurate times.
  • Supply counts are checked every 10 seconds.